 Dungeon Crawl Stone Soup version 0.21.0-3-g78d12a8 (webtiles) character file.

1222 Faca the Spear-Bearer (level 8, -1/64 HPs)
             Began as a Merfolk Gladiator on Jan 11, 2018.
             Was an Initiate of Yredelemnul.
             Slain by an orc warrior
             ... wielding a +0 flail
              (18 damage)
             ... on level 7 of the Dungeon.
             The game lasted 00:09:56 (5194 turns).

Faca the Spear-Bearer (Merfolk Gladiator)           Turns: 5194, Time: 00:09:57

Health: -1/64      AC: 12    Str: 14    XL:     8   Next: 47%
Magic:  8/8        EV:  8    Int:  8    God:    Yredelemnul [......]
Gold:   230        SH:  4    Dex: 17    Spells: 7/7 levels left

rFire    . . .     SeeInvis +   a - +0 trident
rCold    . . .     Gourm    .   t - +0 buckler
rNeg     . . .     Faith    .   D - +0 chain mail
rPois    .         Spirit   .   w - +2 helmet
rElec    .         Reflect  .   (no cloak)
rCorr    .         Harm     .   (no gloves)
MR       .....                  o - +0 pair of boots
Stlth    ..........             n - amulet of regeneration
HPRegen  0.60/turn              l - ring of see invisible
MPRegen  0.11/turn              c - ring of stealth

@: no status effects
A: change form in water, swift swim, stealthy swim
a: Renounce Religion


You were on level 7 of the Dungeon.
You worshipped Yredelemnul.
Yredelemnul was noncommittal.
You were not hungry.

You visited 2 branches of the dungeon, and saw 8 of its levels.

You collected 230 gold pieces.

Inventory:

Hand Weapons
 a - a +0 trident (weapon)
Missiles
 d - 3 throwing nets (quivered)
 g - 215 stones
 x - 12 tomahawks
 y - 61 sling bullets
Armour
 o - a +0 pair of boots (worn)
 t - a +0 buckler (worn)
 w - a +2 helmet (worn)
 D - a +0 chain mail (worn)
Jewellery
 c - a ring of stealth (right hand)
 l - a ring of see invisible (left hand)
 n - an amulet of regeneration (around neck)
Wands
 E - a wand of paralysis (18)
Scrolls
 e - a scroll of fog
 h - 10 scrolls of remove curse
 q - a scroll of enchant armour
 s - 10 scrolls of teleportation
 v - a scroll of immolation
 z - a scroll of magic mapping {unknown}
 B - 2 scrolls of fear
 F - a scroll of blinking {unknown}
Potions
 b - 2 potions of degeneration {unknown}
 i - 2 potions of resistance
 j - 2 potions of cancellation {unknown}
 k - 3 potions of lignification
 m - 4 potions of curing
 p - 2 potions of heal wounds
 r - a potion of flight {unknown}
 u - a potion of haste {unknown}
 A - a potion of agility
 C - a potion of mutation {unknown}
Comestibles
 f - 14 rations


   Skills:
 + Level 5.7 Fighting
 + Level 8.4 Polearms
 + Level 5.2 Throwing
 + Level 7.6 Dodging


You had 7 spell levels left.
You didn't know any spells.

Dungeon Overview and Level Annotations

Branches:
Dungeon (7/15)             Temple (1/1) D:6

Altars:
Cheibriados
Dithmenos
Elyvilon
Fedhas
Gozag
Nemelex Xobeh
Okawaru
Ru
Sif Muna
Uskayaw
Vehumet
Wu Jian
Yredelemnul
Zin
The Shining One


Message History

You hit the orc warrior but do no damage.
The orc warrior is almost dead.
The orc warrior hits you with a flail.
* * * LOW HITPOINT WARNING * * *
You feel much better. The orc warrior hits you with a flail!
* * * LOW HITPOINT WARNING * * *
You hit the orc warrior but do no damage.
The orc warrior is almost dead.
The orc warrior barely misses you.
You hit the orc warrior but do no damage.
The orc warrior is almost dead.
You hit the orc warrior.
The orc warrior is almost dead.
The orc warrior hits you with a flail.
* * * LOW HITPOINT WARNING * * *
You hit the orc warrior but do no damage.
The orc warrior is almost dead.
The orc warrior hits you with a flail!!
You die...
Your body rises from the dead as a mindless zombie.

#.. ...# ... ...
## #.# . #.#
#.#!######...
.####.#..@oo.....
........#########
........####
........'.<#
..$.....####
:##.....# #.....#
#.....# #....<#


You could see an orc warrior and an orc.

Vanquished Creatures
  An ice beast (D:5)
  An ogre (D:5)
  A phantom (D:5)
  A centaur (D:6)
  Blork the orc (D:4)
  A bullfrog (D:6)
  2 howler monkeys (D:4)
  A crimson imp (D:6)
  A centaur skeleton (D:6)
  A hound (D:6)
  4 orc priests
  4 orc wizards
  2 iguanas (D:4)
  3 worker ants (D:4)
  Robin (D:2)
  A howler monkey skeleton (D:4)
  8 adders
  A gnoll (D:4)
  2 worms
  5 dart slugs
  3 leopard geckos
  17 orcs
  A ball python (D:1)
  3 giant cockroaches
  14 goblins
  9 hobgoblins
  6 jackals
  12 kobolds
  3 quokkas
  4 bats
  2 frilled lizards
  A leopard gecko skeleton (D:6)
  A quokka skeleton (D:3)
  2 rats
120 creatures vanquished.

Notes
Turn   | Place    | Note
-------+----------+-------------------------------------------
     0 | D:1      | Faca the Merfolk Gladiator began the quest for the Orb.
     0 | D:1      | Reached XP level 1. HP: 16/16 MP: 1/1
    98 | D:1      | Reached XP level 2. HP: 15/23 MP: 2/2
   553 | D:1      | Reached XP level 3. HP: 28/28 MP: 3/3
  1124 | D:2      | Found an ornate altar of the Wu Jian Council.
  1132 | D:2      | Reached skill level 5 in Polearms
  1171 | D:2      | Reached XP level 4. HP: 29/34 MP: 4/4
  1461 | D:2      | Noticed Robin
  1484 | D:2      | Killed Robin
  1484 | D:2      | Reached skill level 5 in Dodging
  1836 | D:3      | Reached XP level 5. HP: 41/41 MP: 5/5
  2209 | D:3      | Found a snail-covered altar of Cheibriados.
  2245 | D:3      | Found a sacrificial altar of Ru.
  2740 | D:4      | Reached skill level 6 in Polearms
  2740 | D:4      | Reached XP level 6. HP: 24/48 MP: 6/6
  2798 | D:4      | Noticed Blork the orc
  2814 | D:4      | Killed Blork the orc
  2929 | D:4      | Reached XP level 7. HP: 38/54 MP: 7/7
  3167 | D:4      | Found an iron altar of Okawaru.
  3536 | D:5      | Entered Level 5 of the Dungeon
  3543 | D:5      | Reached skill level 7 in Polearms
  4063 | D:5      | Reached skill level 5 in Fighting
  4085 | D:5      | Found a shadowy altar of Dithmenos.
  4126 | D:5      | Reached XP level 8. HP: 35/62 MP: 8/8
  4231 | D:5      | Found a blossoming altar of Fedhas.
  4254 | D:5      | Found a glowing silver altar of Zin.
  4432 | D:6      | Found a sparkling altar of Nemelex Xobeh.
  4531 | D:6      | Found a staircase to the Ecumenical Temple.
  4537 | Temple   | Entered the Ecumenical Temple
  4544 | Temple   | Became a worshipper of Yredelemnul the Dark
  4574 | D:6      | Found a hide-covered altar of Uskayaw.
  4616 | D:6      | Found a glowing golden altar of the Shining One.
  4776 | D:6      | Found a white marble altar of Elyvilon.
  4794 | D:6      | Reached skill level 8 in Polearms
  4961 | D:6      | Reached skill level 5 in Throwing
  5194 | D:7      | Slain by an orc warrior

Skill      XL: |  1  2  3  4  5  6  7  8 |
---------------+-------------------------+-----
Polearms       | 5 6 7 8 |  8.4
Fighting       | 3 4 5 |  5.7
Dodging        | 5 6 7 |  7.6
Throwing       | 3 4 5 |  5.2

Action                   |  1- 3 |  4- 6 |  7- 9 || total
-------------------------+-------+-------+-------++-------
Melee: Trident           |   103 |   227 |   207 ||   537
  Use: Scroll            |       |     8 |     4 ||    12
       Potion            |       |     2 |     1 ||     3
 Stab: Distracted        |       |     1 |       ||     1
       Sleeping          |       |       |     4 ||     4
  Eat: Chunk             |     1 |       |       ||     1
       Ration            |       |     2 |     2 ||     4
Armor: Ring mail         |    31 |    77 |    32 ||   140
       Chain mail        |       |       |    34 ||    34
Dodge: Dodged            |    80 |   132 |    69 ||   281
Block: Buckler           |       |    33 |    31 ||    64
